 Dungeon Crawl Stone Soup version 0.32-a0-607-g64ea0e4219 (webtiles) character file.

Game seed: 7462174783423383560

449 IndexError the Conjurer (level 7, -5/59 HPs)
             Began as an Oni Conjurer on Mar 4, 2024.
             Slain by Edmund
             ... wielding a +1 flail of venom
              (12 damage)
             ... on level 4 of the Dungeon.
             The game lasted 00:05:08 (3789 turns).

IndexError the Conjurer (Oni Conjurer)              Turns: 3789, Time: 00:05:09

Health: -5/59      AC:  3    Str: 12    XL:     7   Next: 4%
Magic:  11/14      EV:  9    Int: 21    God:
Gold:   128        SH:  0    Dex:  7    Spells: 13/16 levels left

rFire   . . .        p - +2 dagger (venom)
rCold   . . .        (no shield)
rNeg    . . .        a - +0 robe
rPois   +            (helmet restricted)
rElec   .            (no cloak)
rCorr   .            (gloves unavailable)
SInv    .            (boots unavailable)
Will    .....        g - amulet of faith {Faith, !P}
Stlth   +            j - ring of wizardry {Wiz+, !d}
HPRegen 0.29/turn    n - ring of poison resistance {rPois, !d}
MPRegen 0.14/turn

%: faith, wizardry (x1)
@: lethally poisoned (-5 -> -7)
A: large, unfitting armour, horns 1, tough skin 1, double potion healing,
drunken brawling
a: no special abilities


You were on level 4 of the Dungeon.
You visited 1 branch of the dungeon, and saw 4 of its levels.

You collected 128 gold pieces.

Inventory:

Hand Weapons
 p - a +2 dagger of venom (weapon)
   (You found it on level 4 of the Dungeon)
Missiles
 f - 3 silver javelins
Armour
 a - a +0 robe (worn)
Jewellery
 g - an amulet of faith (around neck) {Faith, !P}
   (You found it on level 1 of the Dungeon)
 j - a ring of wizardry (left hand) {Wiz+, !d}
   (You found it on level 2 of the Dungeon)
 n - a ring of poison resistance (right hand) {rPois, !d}
   (You found it on level 3 of the Dungeon)
Scrolls
 c - 2 scrolls of teleportation {unknown}
 d - 2 scrolls of fog {unknown}
 k - 2 scrolls of identify {unknown}
 q - a scroll of blinking {unknown}
Potions
 b - a potion of magic
 e - a potion of enlightenment {unknown}
 h - a potion of ambrosia {unknown}
 i - a potion of mutation {unknown}
 l - a potion of brilliance {unknown}
 m - a potion of haste {unknown}
 o - a potion of curing


   Skills:
 - Level 1.7 Dodging
 - Level 1.4 Stealth
 + Level 5.0 Spellcasting
 * Level 6.4 Conjurations


You had 13 spell levels left.
You knew the following spells:

 Your Spells              Type           Power      Damage    Failure   Level
a - Magic Dart            Conj           100%       1d8       1%          1
b - Searing Ray           Conj           64%        2d6       1%          2

Your spell library contained the following spells:

 Spells                   Type           Power      Damage    Failure   Level
 Call Imp                 Summ           10%        N/A       6%          2
 Sublimation of Blood     Necr           5%         N/A       6%          2
 Fulminant Prism          Conj/Alch      9%         3d6       12%         4
 Iskenderun's Mystic Bla  Conj/Tloc      18%        2d6       12%         4
 Summon Hydra             Summ           2%         N/A       100%        7


Dungeon Overview and Level Annotations

Branches:
Dungeon (4/15)
 Temple: D:4-7

Altars:
Xom

Annotations:
D:4 Edmund


Innate Abilities, Weirdness & Mutations

You are too large for most types of armour.
You have a pair of small horns on your head.
You have tough skin. (AC +1)
You gain doubled healing and magic from potions.
Whenever you drink a healing potion, you attack all around you.


Message History

Aiming: Magic Dart (safe; 1% risk of failure)
Press: ? - help, Shift-Dir - straight line, f/p - water moccasin
Aim: a water moccasin (almost dead, poisoned, 100% to hit)
The magic dart hits the water moccasin.
Your Spellcasting skill increases to level 5!
You have reached level 7!
You regained 2 hp, and now have 22/59 hp.
You now have 0/14 mp.
The frilled lizard unfolds its giant frill.
An adder comes into view.
You regained 4 hp, and now have 26/59 hp.
You regained 2 mp, and now have 2/14 mp.
You see here a water moccasin corpse.
f - 3 silver javelins (gained 1)
An adder is nearby!
You regained 9 hp, and now have 37/59 hp.
You regained 4 mp, and now have 7/14 mp.
The adder hisses angrily.
An adder is nearby!
An adder is nearby!
An adder is nearby!
HP restored.
There is an open door here.
d - 2 scrolls labelled ACZEAM LAJ QAL (gained 1)
Found a stone staircase leading down.
Health restored: 59; MP restored: 14 Edmund and a hobgoblin come into view.
Edmund is wielding a +1 flail of venom.
There are monsters nearby!
There are monsters nearby!
There is a stone staircase leading down here.
Edmund attacks as he pursues you! Edmund hits you but does no damage.
Casting: Magic Dart (safe; 1% risk of failure)
Confirm with . or Enter, or press ? or * to list all spells.
Aiming: Searing Ray (safe; 1% risk of failure)
Press: ? - help, Shift-Dir - straight line, f - Edmund
Aim: Edmund, wielding a +1 flail of venom and wearing a +0 ring mail (83% to hit)
The searing ray hits Edmund but does no damage. (Press . to maintain the ray.) Edmund hits you with a +1 flail of venom.
You are poisoned.
You take 1 damage, and have 58/59 hp.
You now have 12/14 mp.
The searing ray hits Edmund.
You feel very sick.
Edmund hits you with a +1 flail of venom.
You take 6 damage, and have 52/59 hp.
You now have 11/14 mp.
The searing ray hits Edmund.
You feel sick. Edmund barely misses you.
You take 1 damage, and have 51/59 hp.
You now have 10/14 mp.
The searing ray hits Edmund.
You finish channelling your searing ray.
You feel sick.
Edmund hits you with a +1 flail of venom!
You are more poisoned.
You take 11 damage, and have 40/59 hp.
You now have 9/14 mp.
You hit Edmund.
Edmund is poisoned.
You feel very sick.
Edmund grinds his teeth, and then sighs.
Edmund barely misses you.
You hit Edmund but do no damage.
Edmund looks as sick as possible!
You headbutt Edmund.
You feel very sick. Edmund barely misses you.
You take 8 damage, and have 32/59 hp.
You hit Edmund.
Edmund looks as sick as possible!
You feel very sick. Edmund closely misses you.
You barely miss Edmund. You headbutt Edmund, but do no damage.
You feel sick. Edmund closely misses you.
You take 5 damage, and have 27/59 hp.
You closely miss Edmund.
You feel sick. Edmund completely misses you.
You take 2 damage, and have 25/59 hp.
You hit Edmund but do no damage.
Edmund looks as sick as possible!
Your headbutt misses Edmund.
You feel sick.
Edmund hits you with a +1 flail of venom!
* * * LOW HITPOINT WARNING * * *
You take 13 damage, and have 12/59 hp.
MASSIVE DAMAGE!!
You barely miss Edmund. Your headbutt misses Edmund.
You feel sick.
Edmund hits you with a +1 flail of venom!
* * * LOW HITPOINT WARNING * * *
You take 10 damage, and have 2/59 hp.
You take a swig of the potion and twirl your +2 dagger of venom.
You closely miss Edmund.
It was a potion of curing.
You savour every drop.
You feel better.
Edmund hits you with a +1 flail of venom.
You are poisoned.
You regained 21 hp, and now have 23/59 hp.
You feel very sick. Edmund attacks as he pursues you!
Edmund hits you with a +1 flail of venom!
* * * LOW HITPOINT WARNING * * *
You take 11 damage, and have 12/59 hp.
You feel sick.
You take 2 damage, and have 10/59 hp.
You feel sick.
You take 1 damage, and have 9/59 hp.
You feel sick.
You take 1 damage, and have 8/59 hp.
You feel sick. Edmund attacks as he pursues you!
Edmund hits you with a +1 flail of venom!
You die...
Edmund says, "I'd like to see a scythe do that!"

.....#.##.....#####
.....#.##.........# #.# .#
##...#.##.........# ##.##.
.#...'.##.........# #....
.#...#.#####......# #...
.#...#.#####......######..#
######.................#..#
######...###...........#..#
....####........@@......>.####
..######.#######.#.....#.....#
......#### ############..+
......# #.# ..# ......# #.#
..# ......#~.##.# ..#
....<.#..#... ..#
..###.#.~##.# ........# ..#
#.#.# #.# ##### ..g


You could see Edmund (very poisoned).

Vanquished Creatures
  Sigmund (D:2)
  A water moccasin (D:4)
  A bombardier beetle (D:4)
  An orc priest (D:3)
  An iguana (D:4)
  An adder (D:2)
  3 dart slugs
  3 ribbon worms
  3 orcs (D:3)
  3 ball pythons
  5 bats
  4 endoplasms
  5 giant cockroaches
  4 goblins
  4 hobgoblins
  5 jackals (D:1)
  6 kobolds
  2 quokkas (D:1)
  7 frilled lizards
  4 rats
64 creatures vanquished.

Notes
Turn   | Place    | Note
-------+----------+-------------------------------------------
     0 | D:1      | IndexError the Oni Conjurer began the quest for the Orb.
     0 | D:1      | Reached XP level 1. HP: 16/16 MP: 3/3
   386 | D:1      | Reached XP level 2. HP: 24/24 MP: 3/5
   424 | D:1      | Learned a level 2 spell: Searing Ray
   471 | D:1      | Reached skill level 4 in Conjurations
   837 | D:1      | Reached skill level 3 in Spellcasting
   837 | D:1      | Reached XP level 3. HP: 31/31 MP: 4/7
  1124 | D:1      | Found a shimmering altar of Xom.
  1145 | D:2      | Noticed Sigmund
  1308 | D:2      | Killed Sigmund
  1309 | D:2      | Reached skill level 4 in Spellcasting
  1309 | D:2      | Reached skill level 5 in Conjurations
  1309 | D:2      | Reached XP level 4. HP: 11/39 MP: 0/10
  1309 | D:2      | Reached XP level 5. HP: 12/45 MP: 0/11
  1314 | D:1      | HP: 11/45 [hobgoblin (1)]
  1324 | D:1      | HP: 10/45 [hobgoblin (4)]
  1329 | D:1      | HP: 10/45 [hobgoblin (1)]
  1850 | D:2      | Reached XP level 6. HP: 53/53 MP: 9/12
  3559 | D:4      | Noticed a water moccasin
  3560 | D:4      | Reached skill level 6 in Conjurations
  3612 | D:4      | Killed a water moccasin
  3613 | D:4      | Reached skill level 5 in Spellcasting
  3613 | D:4      | Reached XP level 7. HP: 22/59 MP: 0/14
  3767 | D:4      | Noticed Edmund
  3782 | D:4      | HP: 12/59 [Edmund/+1 flail of venom (12)]
  3783 | D:4      | HP: 2/59 [Edmund/+1 flail of venom (9)]
  3788 | D:4      | HP: 8/59 [poisoned by Edmund]
  3789 | D:4      | Slain by Edmund

Illustrated notes

Levels and vault maps discovered:
D:1:      dpeg_arrival_lava_altar, layout_basic
D:2:      layout_loops_ring, uniq_sigmund
D:3:      layout_loops_corners
D:4:      layout_basic, serial_aquarium, aquarium_bridge_square
          [aquarium_subvault_bridge, aquarium_subvault_wall,
          aquarium_subvault_bridge, aquarium_subvault_window],
          aquarium_window_1, aquarium_window_1, aquarium_window_1,
          aquarium_window_corner, aquarium_view_2d, aquarium_view_2g,
          aquarium_pool_S, uniq_edmund, uniq_robin

Skill      XL: |  1  2  3  4  5  6 |
---------------+-------------------+-----
Conjurations   | 4 5 6 |  6.4
Spellcasting   | 3 4 5 |  5.0
Dodging        | |  1.7
Stealth        | |  1.4

Action                     |  1- 3 |  4- 6 |  7- 9 || total
---------------------------+-------+-------+-------++-------
  Melee: Dagger            |    27 |    15 |     7 ||    49
         Headbutt          |     5 |     1 |     2 ||     8
         Unarmed           |     1 |       |       ||     1
  Throw: Javelin           |       |     1 |       ||     1
   Cast: Magic Dart        |    44 |    95 |       ||   139
         Searing Ray       |     2 |     1 |     1 ||     4
    Use: Potion            |       |       |     1 ||     1
 Armour: Robe              |    41 |    19 |     9 ||    69
  Dodge: Dodged            |    20 |    12 |     6 ||    38

Table legend: (Time is in decaauts)
 A = Elapsed time spent in this place.
 B = Non-inter-level travel time spent in this place.
 C = Inter-level travel time spent in this place.
 D = Time resting spent in this place.
 E = Time spent auto-exploring this place.
 F = Levels seen in this place.
 G = Mean time per level.
                   A        B        C        D        E       F      G
               +--------+--------+--------+--------+--------+-----+--------+
         Total |   3789 |   3573 |    216 |      0 |   3163 |   4 |  947.2 |
       Dungeon |   3789 |   3573 |    216 |      0 |   3163 |   4 |  947.2 |
               +--------+--------+--------+--------+--------+-----+--------+

Top non-repeatable levels by time:
     D:1: 1456 daAuts
     D:3: 976 daAuts
     D:2: 943 daAuts
     D:4: 413 daAuts

Levels and vault maps discovered:
D:1:      dpeg_arrival_lava_altar, layout_basic
D:2:      layout_loops_ring, uniq_sigmund
D:3:      layout_loops_corners
D:4:      layout_basic, serial_aquarium, aquarium_bridge_square
          [aquarium_subvault_bridge, aquarium_subvault_wall,
          aquarium_subvault_bridge, aquarium_subvault_window],
          aquarium_window_1, aquarium_window_1, aquarium_window_1,
          aquarium_window_corner, aquarium_view_2d, aquarium_view_2g,
          aquarium_pool_S, uniq_edmund, uniq_robin

Table legend: (Time is in decaauts)
 A = Elapsed time spent in this place.
 B = Non-inter-level travel time spent in this place.
 C = Inter-level travel time spent in this place.
 D = Time resting spent in this place.
 E = Time spent auto-exploring this place.
 F = Levels seen in this place.
 G = Mean time per level.
                   A        B        C        D        E       F      G
               +--------+--------+--------+--------+--------+-----+--------+
         Total |   3789 |   3573 |    216 |      0 |   3163 |   4 |  947.2 |
       Dungeon |   3789 |   3573 |    216 |      0 |   3163 |   4 |  947.2 |
               +--------+--------+--------+--------+--------+-----+--------+

Top non-repeatable levels by time:
     D:1: 1456 daAuts
     D:3: 976 daAuts
     D:2: 943 daAuts
     D:4: 413 daAuts

Table legend:
 A = Kills in this place as a percentage of kills in the entire game.
 B = Kills by you in this place as a percentage of kills by you in the entire game.
 C = Kills by friends in this place as a percentage of kills by friends in the entire game.
 D = Other kills in this place as a percentage of other kills in the entire game.
 E = Experience gained in this place as a percentage of experience gained in the entire game.
 F = Experience gained in this place divided by the number of levels of this place that you have seen.
                   A       B       C       D       E      F
               +-------+-------+-------+-------+-------+----------------------
         Total | 100.0 | 100.0 |   N/A |   N/A | 100.0 | 160.5
       Dungeon | 100.0 | 100.0 |   N/A |   N/A | 100.0 | 160.5
               +-------+-------+-------+-------+-------+----------------------
